 Dungeon Crawl Stone Soup version 0.23.2-1-ga50397a6bc (webtiles) character file.

Game seed: 17901627396285024703

992 Mrkan the Basher (level 7, -1/66 HPs)
             Began as a Minotaur Fighter on May 23, 2019.
             Was a Follower of Okawaru.
             Slain by an orc warrior
             ... wielding a +0 long sword
              (7 damage)
             ... on level 6 of the Dungeon.
             The game lasted 00:11:11 (4957 turns).

Mrkan the Basher (Minotaur Fighter)                 Turns: 4957, Time: 00:11:12

Health: -1/66      AC: 12    Str: 21    XL:     7   Next: 98%
Magic:  6/6        EV:  3    Int: 11    God:    Okawaru [*.....]
Gold:   295        SH:  9    Dex: 11    Spells: 6/6 levels left

rFire    . . .     SeeInvis .   a - +0 flail
rCold    . . .     Gourm    .   c - +0 shield
rNeg     . . .     Faith    .   y - +0 plate armour
rPois    +         Spirit   .   (helmet restricted)
rElec    .         Reflect  .   p - scarf {repulsion}
rCorr    .         Harm     .   x - +0 pair of gloves
MR       .....                  (no boots)
Stlth    ..........             t - amulet of rage
HPRegen  0.21/turn              k - ring of poison resistance
MPRegen  0.10/turn              u - +6 ring of intelligence

@: berserk cooldown, slowed, repel missiles, very slow
A: retaliatory headbutt, horns 2
a: Heroism, Renounce Religion, Evoke Berserk Rage


You were on level 6 of the Dungeon.
You worshipped Okawaru.
Okawaru was aware of your devotion.
You were very hungry.

You visited 2 branches of the dungeon, and saw 7 of its levels.

You collected 295 gold pieces.

Inventory:

Hand Weapons
 a - a +0 flail (weapon)
Armour
 b - a +0 cloak
 c - a +0 shield (worn)
 p - a scarf of repulsion (worn)
 x - a +0 pair of gloves (worn)
 y - a +0 plate armour (worn)
Jewellery
 k - a ring of poison resistance (left hand)
 s - an uncursed ring of wizardry
 t - an amulet of rage (around neck)
 u - a +6 ring of intelligence (right hand)
Wands
 e - a wand of iceblast (6)
 E - a wand of acid (6)
Scrolls
 g - 3 scrolls of remove curse
 i - 3 scrolls of amnesia
 j - a scroll of fear
 l - 6 scrolls of identify
 n - 4 scrolls of teleportation {unknown}
 q - 2 scrolls of blinking {unknown}
 w - a scroll of enchant weapon {unknown}
 C - a scroll of enchant armour {unknown}
 D - a scroll of noise {unknown}
Potions
 d - a potion of might
 h - 6 potions of curing {unknown}
 m - 2 potions of mutation {unknown}
 o - a potion of heal wounds {unknown}
 r - a potion of degeneration {unknown}
 v - 2 potions of berserk rage {unknown}
 z - a potion of haste {unknown}
 A - a potion of lignification {unknown}
Comestibles
 f - 8 rations


   Skills:
 + Level 7.3 Fighting
 * Level 9.3 Maces & Flails
 - Level 3.6 Armour
 - Level 3.6 Shields


You had 6 spell levels left.
You didn't know any spells.
Your spell library was empty.

Dungeon Overview and Level Annotations

Branches:
Dungeon (6/15)             Temple (1/1) D:4

Altars:
Ashenzari
Cheibriados
Dithmenos
Elyvilon
Fedhas
Kikubaaqudgha
Makhleb
Nemelex Xobeh
Okawaru
Sif Muna
Trog
Uskayaw
Yredelemnul
Zin
The Shining One


Innate Abilities, Weirdness & Mutations

You reflexively headbutt those who attack you in melee.
You have a pair of horns on your head.


Message History

You closely miss the centaur. You headbutt the centaur.
The centaur is severely wounded.
The centaur hits you but does no damage.
An orc comes into view. It is wielding a -2 whip.
The centaur hits you with a +0 falchion!
You thump the centaur!
You kill the centaur!
Okawaru accepts your kill.
The orc priest calls down the wrath of Beogh upon you.
Beogh smites you!
Your shield and plate armour prevent you from hitting the orc warrior.
The orc warrior hits you with a +0 long sword!
* * * LOW HITPOINT WARNING * * *
You hit the orc warrior. You headbutt the orc warrior.
The orc warrior is moderately wounded.
The orc warrior hits you with a +0 long sword!
* * * LOW HITPOINT WARNING * * *
An orc comes into view. It is wielding a +0 club.
The orc warrior hits you with a +0 long sword!
You die...

##### #### ###... ...#
....
...#.#####.########.#o##
...#........(†((@ooo....
...######..##########.##
...................
...####.......#####
.....##..._...#
...#.##......##
####.###.....# #.#
###.### #.# #.#


You could see an orc warrior, an orc priest and 2 orcs.

Vanquished Creatures
  An orc warrior (D:6)
  A phantom (D:4)
  2 ogres
  A centaur (D:6)
  A bullfrog (D:6)
  3 scorpions
  A howler monkey (D:4)
  2 orc priests
  Crazy Yiuf (D:4)
  An orc wizard (D:4)
  A hound zombie (D:5)
  5 adders
  An ooze (D:2)
  2 adder skeletons
  8 worms
  2 dart slugs (D:1)
  3 leopard geckos
  13 orcs
  7 giant cockroaches
  7 goblins
  6 hobgoblins
  12 jackals
  6 kobolds
  2 quokkas
  A ball python (D:3)
  A ball python skeleton (D:4)
  7 bats
  5 frilled lizards
  4 rats
107 creatures vanquished.

Notes
Turn   | Place    | Note
-------+----------+-------------------------------------------
     0 | D:1      | Mrkan the Minotaur Fighter began the quest for the Orb.
     0 | D:1      | Reached XP level 1. HP: 19/19 MP: 0/0
   115 | D:1      | Reached skill level 3 in Maces & Flails
   147 | D:1      | Reached XP level 2. HP: 27/27 MP: 1/1
   990 | D:2      | Reached XP level 3. HP: 32/33 MP: 2/2
  1039 | D:2      | Reached skill level 4 in Maces & Flails
  1592 | D:2      | Reached XP level 4. HP: 41/41 MP: 3/3
  2005 | D:3      | Found a glowing golden altar of the Shining One.
  2027 | D:3      | Reached skill level 5 in Maces & Flails
  2160 | D:3      | Found a deep blue altar of Sif Muna.
  2160 | D:3      | Found a glowing silver altar of Zin.
  2160 | D:3      | Found a sparkling altar of Nemelex Xobeh.
  2803 | D:4      | Reached skill level 5 in Fighting
  2803 | D:4      | Reached XP level 5. HP: 43/48 MP: 4/4
  2843 | D:4      | Found a runed translucent door.
  2843 | D:4      | Noticed Crazy Yiuf
  2891 | D:4      | Reached skill level 6 in Maces & Flails
  3134 | D:4      | Reached XP level 6. HP: 19/56 MP: 5/5
  3447 | D:4      | Reached skill level 7 in Maces & Flails
  3600 | D:4      | Reached XP level 7. HP: 50/63 MP: 6/6
  3635 | D:4      | Found a staircase to the Ecumenical Temple.
  3666 | Temple   | Entered the Ecumenical Temple
  3744 | Temple   | Became a worshipper of Warmaster Okawaru
  3905 | D:4      | Found a blossoming altar of Fedhas.
  3982 | D:4      | Killed Crazy Yiuf
  4055 | D:5      | Entered Level 5 of the Dungeon
  4221 | D:5      | Reached skill level 8 in Maces & Flails
  4922 | D:6      | Found a glowing silver altar of Zin.
  4946 | D:6      | Reached * piety under Okawaru
  4946 | D:6      | Reached skill level 9 in Maces & Flails
  4957 | D:6      | Slain by an orc warrior

Skill      XL: |  1  2  3  4  5  6  7 |
---------------+----------------------+-----
Maces & Flails | 3 4 5 6 7 9 |  9.3
Fighting       | 4 5 6 7 |  7.3
Armour         | |  3.6
Shields        | |  3.6

Action                   |  1- 3 |  4- 6 |  7- 9 || total
-------------------------+-------+-------+-------++-------
Melee: Flail             |    91 |   175 |    73 ||   339
       Headbutt          |    10 |    41 |    14 ||    65
 Abil: Evoke Berserk Rag |       |       |     1 ||     1
  Use: Scroll            |       |       |     8 ||     8
  Eat: Ration            |     1 |       |     1 ||     2
       Chunk             |       |     5 |     1 ||     6
Armor: Scale mail        |    44 |    22 |       ||    66
       Plate armour      |       |    64 |    27 ||    91
Dodge: Dodged            |    31 |    35 |     4 ||    70
       Deflected         |       |     4 |     1 ||     5
Block: Shield            |    47 |   109 |    30 ||   186
